AoeStats
← uugurr

Arena

504332258Analyzed
1v1 RM · 27d ago on Sep 4, 2026· 62m 20s· 2 players
Game mode
Random Map
Map size
Tiny (2 player)
Population
200
Speed
Normal
Resources
Standard
Victory
Conquest
Starting age
Dark Age
Ending age
Imperial Age
RankedLock teamsTeams togetherTeam positionsShared explorationLock speedFull tech treeHidden civsTurbo modeCheats
Victory
Defeat
🇨🇳 Magyars · China
902
+14
🇹🇷 Khmer · Türkiye
852
-14
小熊熊
10:32 Feudal Age
12:09 Loom
15:00 Castle Age
14:11 Horse Collar
18:07 Double-Bit Axe
26:33 Wheelbarrow
27:00 Heavy Plow
28:42 Corvinian Army
30:42 Scale Barding Armor
33:47 Imperial Age
32:26 Hand Cart
33:15 Chain Barding Armor
34:47 Bow Saw
34:47 Recurve Bow
35:29 Plate Barding Armor
34:45 Fletching
34:56 Padded Archer Armor
35:32 Parthian Tactics
35:48 Bloodlines
35:39 Husbandry
35:38 Elite Magyar Huszar
36:53 Conscription
37:14 Bodkin Arrow
37:35 Leather Archer Armor
37:29 Thumb Ring
37:21 Heavy Cavalry Archer
39:54 Ballistics
40:01 Bracer
41:16 Chemistry
40:11 Gold Mining
40:11 Stone Mining
41:14 Ring Archer Armor
41:31 Gold Shaft Mining
42:05 Capped Ram
42:05 Onager
42:06 Heavy Scorpion
50:06 Crop Rotation
50:39 Two-Man Saw
50:24 Town Watch
58:02 Two-Man Saw
uugurr
12:22 Feudal Age
16:28 Castle Age
14:12 Horse Collar
22:08 Pikeman
22:52 Gold Mining
27:42 Imperial Age
25:52 Heavy Plow
25:58 Pikeman
26:54 Town Watch
28:01 Double-Bit Axe
28:48 Conscription
29:19 Bow Saw
30:12 Crop Rotation
33:15 Wheelbarrow
32:29 Loom
33:26 Gold Shaft Mining
32:43 Stone Mining
34:13 Scale Mail Armor
33:36 Halberdier
34:28 Heavy Scorpion
34:36 Light Cavalry
35:28 Bloodlines
36:24 Hand Cart
36:53 Chain Mail Armor
37:51 Double Crossbow
38:34 Stone Shaft Mining
39:10 Murder Holes
39:36 Ballistics
40:15 Town Patrol
40:11 Elite Skirmisher
42:21 Scale Barding Armor
42:07 Fletching
44:16 Fortified Wall
45:59 Tusk Swords
48:51 Hoardings
48:55 Chain Barding Armor
48:46 Forging
48:32 Bodkin Arrow
48:37 Padded Archer Armor
50:13 Plate Barding Armor
49:19 Crossbowman
50:47 Husbandry
53:37 Hussar
55:14 Iron Casting
54:42 Cavalier
57:54 Arson
58:36 Leather Archer Armor
Connection lost

Rejoining the realm…

Still unreachable

The connection could not be restored.

Session expired

The server has moved on; the page needs a fresh start.